 Dungeon Crawl Stone Soup version 0.17-a0-1719-g1afd5a1 (webtiles) character file.

7380 Oddball22 the Geomancer (level 11, -1/66 HPs)
             Began as a Gargoyle Earth Elementalist on Aug 27, 2015.
             Slain by a spiny frog (18 damage)
             ... on level 3 of the Lair of Beasts.
             The game lasted 00:49:30 (13836 turns).

Oddball22 the Geomancer (GrEE)                     Turns: 13836, Time: 00:49:30

Health: -1/66      AC: 18    Str: 12    XL:     11   Next: 14%
Magic:  10/21      EV: 12    Int: 15    God:    Xom [......]
Gold:   305        SH:  0    Dex: 11    Spells: 6 memorised, 6 levels left

rFire  + . .     SeeInvis +     I - +4 quarterstaff (chaos)
rCold  . . .     Clarity  .     n - +2 robe {rF+}
rNeg   + + .     SustAt   .     (no shield)
rPois  ∞         Gourm    .     t - +0 helmet
rElec  +         Spirit   .     M - +2 cloak {MR+}
rCorr  .         Warding  +     N - +0 pair of gloves
rMut   .         Stasis   .     C - +0 pair of boots
MR     +....                    K - amulet of warding
Stlth  ++........               u - +3 ring of dexterity
                                x - ring of see invisible

@: somewhat resistant to hostile enchantments, unstealthy
A: clumsy 1, deterioration 1, dopey 1, negative energy resistance 1, electricity
resistance, weak 1, unbreathing, petrification resistance, rot immunity, AC +7
a: Renounce Religion


You were on level 3 of the Lair of Beasts.
You worshipped Xom.
You were a very special plaything of Xom.
You were not hungry.

You visited 2 branches of the dungeon, and saw 12 of its levels.

You collected 395 gold pieces.
You spent 90 gold pieces at shops.

Inventory:

Hand weapons
 I - a +4 quarterstaff of chaos (weapon)
 X - the +5 Sword of Power
   (You found it on level 8 of the Dungeon)
Missiles
 a - 291 stones (quivered)
 G - 14 bolts of flame
 W - 56 bolts
Armour
 b - a +0 robe
 n - a +2 robe of fire resistance (worn)
 t - a +0 helmet (worn)
 C - a +0 pair of boots (worn)
 M - a +2 cloak of magic resistance (worn)
 N - a +0 pair of gloves (worn)
Magical staves
 Y - an uncursed staff of wizardry
Jewellery
 u - a +3 ring of dexterity (right hand)
 w - an uncursed amulet of resist corrosion
 x - a ring of see invisible (left hand)
 F - an uncursed ring of wizardry
 K - an amulet of warding (around neck)
Magical devices
 s - a wand of fire (3)
 R - a wand of cold (13)
 S - a wand of flame (30)
 T - a wand of draining (8)
Scrolls
 i - a scroll of blinking
 l - 2 scrolls of identify
 m - 3 scrolls of recharging
 o - 6 scrolls of remove curse
 v - a scroll of amnesia
 y - 3 scrolls of magic mapping
 L - 2 scrolls of teleportation
 P - a scroll of enchant armour
 Q - a scroll of fear
 Z - a scroll of enchant weapon
Potions
 e - 2 potions of might {unknown}
 f - 2 potions of degeneration {unknown}
 g - 3 potions of mutation {unknown}
 h - 2 potions of invisibility
 j - 5 potions of curing
 k - 3 potions of flight {unknown}
 z - 2 potions of ambrosia {unknown}
 A - 2 potions of resistance {unknown}
 B - 3 potions of poison {unknown}
 D - a potion of cure mutation {unknown}
 E - 2 potions of haste {unknown}
 O - a potion of lignification {unknown}
Books
 c - a book of Geomancy

   Spells                             Type                      Level
   a - Sandblast                      Earth                        1
   b - Stoneskin                      Transmutation/Earth          2
   c - Passwall                       Transmutation/Earth          3
   d - Stone Arrow                    Conjuration/Earth            3
   e - Petrify                        Transmutation/Earth          4
   f - Lee's Rapid Deconstruction     Earth                        5
 p - a book of Hinderance

   Spells                             Type                      Level
   a - Confusing Touch                Hexes                        2
   b - Confuse                        Hexes                        3
   c - Gell's Gravitas                Hexes/Translocation          3
   d - Petrify                        Transmutation/Earth          4
   e - Metabolic Englaciation         Hexes/Ice                    5
Comestibles
 d - 11 bread rations
 q - 4 meat rations
 r - 2 fruits
 J - a royal jelly
 U - 2 beef jerkies
 V - 6 slices of pizza


   Skills:
 + Level 6.6 Fighting
 * Level 4.1 Staves
 + Level 4.7 Armour
 - Level 1.5 Dodging
 - Level 2.1 Stealth
 - Level 7.0 Spellcasting
 - Level 6.0 Conjurations
 - Level 7.7 Transmutations
 + Level 8.0 Earth Magic


You had 6 spell levels left.
You knew the following spells:

 Your Spells              Type           Power        Failure   Level  Hunger
a - Sandblast             Erth           ####..       1%          1    None
b - Stone Arrow           Conj/Erth      ####..       2%          3    ##.....
c - Stoneskin             Trmt/Erth      ####....     1%          2    None
d - Passwall              Trmt/Erth      ####......   1%          3    ##.....
e - Petrify               Trmt/Erth      ####....     6%          4    ####...
f - Lee's Rapid Deconstr  Erth           ####......   17%         5    #####..


Dungeon Overview and Level Annotations

Branches:
Dungeon (9/15)             Temple (0/1) D:5            Lair (3/8) D:8
  Swamp: Lair:3-6    Shoals: Lair:3-6     Snake: Lair:3-6    Spider: Lair:3-6
    Orc: D:9-12

Altars:
Ashenzari
Kikubaaqudgha
Nemelex Xobeh
Okawaru
Ru
Xom
The Shining One

Shops:
D:7 *%*


Innate Abilities, Weirdness & Mutations

You are resistant to torment.
Your stone body is resilient (AC +7).
You are immune to poison.
You resist negative energy.
You are resistant to electric shocks.
You can survive without breathing.
You are immune to petrification.
You are immune to rotting.
You are clumsy. (Dex -2)
Your body sometimes deteriorates upon taking damage.
You are dopey. (Int -2)
You are weak. (Str -2)


Message History

The spiny frog is heavily wounded.
The spiny frog closely misses you.
Casting: Sandblast
Confirm with . or Enter, or press ? or * to list all spells.
Aiming: Sandblast
Press: ? - help, Shift-Dir - straight line, f/p - spiny frog
Aim: a spiny frog (heavily wounded, unusually strong, slightly transparent)
The blast of sand hits the spiny frog.
The spiny frog is heavily wounded.
The spiny frog stings you!
* * * LOW HITPOINT WARNING * * *
Casting: Sandblast
Confirm with . or Enter, or press ? or * to list all spells.
Aiming: Sandblast
Press: ? - help, Shift-Dir - straight line, f/p - spiny frog
Aim: a spiny frog (heavily wounded, unusually strong, slightly transparent)
The blast of sand hits the spiny frog.
The spiny frog is severely wounded.
The spiny frog stings you!!
You die...

#.P.$.#.......
..............
#............
........... .
........ >..
#.(..#
.....#....#
......F@..#
.....#....#
[..........PP
.
####.........
............
.#.##....####
# ## ######


You could see a spiny frog (invisible).

Vanquished Creatures
  A hydra (Lair:1)
  A komodo dragon (Lair:1)
  A black mamba (Lair:1)
  A spiny frog (Lair:2)
  4 blink frogs
  2 yaks
  A human (D:7)
  2 hippogriffs
  Menkaure (D:5)
  2 porcupines (Lair:1)
  2 water moccasins (Lair:1)
  A sky beast (D:7)
  An ice beast (D:5)
  3 orc warriors
  2 ogres (D:7)
  2 crocodiles (Lair:1)
  A big kobold (D:7)
  9 giant frogs
  2 scorpions
  An electric eel (D:6)
  3 crimson imps
  4 orc priests
  A centaur zombie (D:7)
  A hound (D:7)
  A jelly (D:5)
  Crazy Yiuf (D:5)
  3 orc wizards
  7 worker ants
  5 iguanas
  10 sheep
  A hound skeleton (D:4)
  2 worker ant zombies
  8 adders
  14 river rats (Lair:1)
  3 shadow imps
  2 oozes
  An adder zombie (D:6)
  An adder skeleton (D:5)
  6 worms
  9 giant geckos
  32 orcs
  6 giant cockroaches
  9 goblins
  7 hobgoblins
  21 jackals
  16 kobolds
  8 bats
  A giant gecko zombie (D:5)
  5 giant newts
  8 rats
236 creatures vanquished.

Vanquished Creatures (collateral kills)
  Erica (D:8)
  Erolcha (D:8)
  The ghost of Gargoyl the Skirmisher, an average DsAK of Lugonu (D:3)
  An ice beast (D:7)
  A hound (D:8)
  A giant frog zombie (D:8)
  2 worker ants (D:8)
  An orc (D:7)
  A hobgoblin (D:3)
10 creatures vanquished.

Vanquished Creatures (others)
  A giant frog (Lair:2)
  4 fungi
  2 plants
7 creatures vanquished.

Grand Total: 253 creatures vanquished

Notes
Turn   | Place    | Note
--------------------------------------------------------------
     0 | D:1      | Oddball22 the Gargoyle Earth Elementalist began the quest for the Orb.
     0 | D:1      | Reached XP level 1. HP: 10/10 MP: 3/3
   336 | D:1      | Reached XP level 2. HP: 12/15 MP: 0/5
   689 | D:1      | Noticed a wight
   704 | D:1      | Found a shimmering altar of Xom.
   713 | D:1      | Became a worshipper of Xom of Chaos
   881 | D:1      | Reached XP level 3. HP: 10/19 MP: 3/7
   886 | D:1      | Learned a level 3 spell: Stone Arrow
  1095 | D:1      | Reached skill level 4 in Earth Magic
  1668 | D:2      | XOM: potion effect (haste)
  1669 | D:2      | Found a sacrificial altar of Ru.
  1672 | D:2      | Reached skill level 1 in Conjurations
  1985 | D:2      | Reached XP level 4. HP: 24/24 MP: 5/8
  2076 | D:2      | XOM: harmless Chrm miscast
  2644 | D:2      | XOM: silly message
  2778 | D:3      | Reached XP level 5. HP: 26/28 MP: 6/9
  3069 | D:3      | XOM is BORED!
  3069 | D:3      | XOM: medium Divn miscast
  3145 | D:3      | XOM: god gift: lead wand {god gift}
  3233 | D:3      | XOM: silly message
  3282 | D:3      | Reached skill level 5 in Earth Magic
  3290 | D:3      | XOM: harmless Ice miscast
  3590 | D:3      | Noticed Gargoyl's ghost (average DsAK)
  3850 | D:3      | XOM: summons friendly ufetubus
  3859 | D:3      | XOM: noise
  3860 | D:3      | XOM: confuse monster(s)
  3869 | D:3      | Killed Gargoyl's ghost
  3869 | D:3      | Reached XP level 6. HP: 28/32 MP: 0/10
  4021 | D:3      | Found a shattered altar of Ashenzari.
  4021 | D:3      | Found a sparkling altar of Nemelex Xobeh.
  4178 | D:3      | XOM: harmless Ice miscast
  4302 | D:4      | Reached skill level 5 in Conjurations
  4451 | D:4      | XOM: harmless Divn miscast
  4603 | D:4      | XOM: blink monster(s)
  4648 | D:4      | XOM: divination: magic mapping
  4778 | D:4      | XOM: 3-stop teleportation journey
  5058 | D:4      | Reached XP level 7. HP: 34/36 MP: 6/11
  5091 | D:4      | Reached skill level 6 in Conjurations
  5498 | D:5      | Entered Level 5 of the Dungeon
  5521 | D:5      | Found a staircase to the Ecumenical Temple.
  5537 | D:5      | Noticed Menkaure
  5569 | D:5      | Killed Menkaure
  5569 | D:5      | Reached skill level 1 in Fighting
  5569 | D:5      | Reached skill level 1 in Armour
  5648 | D:5      | XOM: colour smoke trail
  6340 | D:5      | XOM is BORED!
  6340 | D:5      | XOM: medium Air miscast
  6345 | D:5      | Learned a level 2 spell: Stoneskin
  6349 | D:5      | Learned a level 3 spell: Passwall
  6517 | D:5      | Found an ancient bone altar of Kikubaaqudgha.
  6614 | D:5      | XOM: draining
  6714 | D:5      | Noticed Crazy Yiuf
  6719 | D:5      | Killed Crazy Yiuf
  6899 | D:6      | Reached XP level 8. HP: 34/46 MP: 11/13
  7054 | D:6      | XOM: mild Ice miscast
  7382 | D:6      | XOM: vitrification
  7412 | D:6      | XOM: 1-stop teleportation journey
  7760 | D:7      | XOM: fake destruction
  7761 | D:6      | XOM: 1-stop teleportation journey
  7902 | D:7      | Reached skill level 5 in Fighting
  7902 | D:7      | Reached skill level 7 in Earth Magic
  8155 | D:7      | Learned a level 4 spell: Petrify
  8159 | D:7      | Found Figaiw's General Store.
  8164 | D:7      | Bought a scroll of enchant weapon for 90 gold pieces
  8176 | D:7      | Found an iron altar of Okawaru.
  8205 | D:7      | Found Deigijyu's Food Boutique.
  8223 | D:7      | Found Cerac's Assorted Antiques.
  8235 | D:7      | Reached skill level 1 in Transmutations
  8577 | D:7      | XOM: silly message
  8631 | D:7      | XOM: summons 2 friendly demons
  8680 | D:7      | Reached XP level 9. HP: 51/54 MP: 14/14
  8788 | D:7      | XOM: mild Erth miscast
  9411 | D:3      | XOM: noise
  9579 | D:8      | Reached skill level 5 in Transmutations
  9878 | D:8      | Noticed Erolcha
  9887 | D:8      | Killed Erolcha
  9888 | D:8      | Found a staircase to the Lair.
  9971 | D:8      | Noticed Erica
  9978 | D:8      | Killed Erica
 10157 | D:8      | XOM: potion effect (haste)
 10258 | D:8      | Reached XP level 10. HP: 44/59 MP: 9/15
 10471 | D:8      | XOM: god gift: scroll of blinking
 10577 | D:8      | Found a glowing golden altar of the Shining One.
 10588 | D:8      | XOM: 1-stop teleportation journey
 10657 | D:9      | Identified a scroll of acquirement
 10867 | Lair:1   | Entered Level 1 of the Lair of Beasts
 11002 | Lair:1   | Learned a level 5 spell: Lee's Rapid Deconstruction
 11077 | Lair:1   | XOM: silly message
 11157 | Lair:1   | Reached skill level 5 in Spellcasting
 11188 | Lair:1   | XOM: smoke on damage
 11417 | Lair:1   | XOM: colour smoke trail
 11570 | Lair:1   | XOM: chaos cloud
 11657 | Lair:1   | XOM: harmless Necr miscast
 11914 | Lair:1   | XOM: silly message
 11951 | Lair:1   | XOM: harmless Erth miscast
 11965 | Lair:1   | XOM: silly message
 12141 | Lair:1   | XOM: cast spell 'Cause Fear'
 12554 | Lair:1   | Noticed a six-headed hydra
 12616 | Lair:1   | XOM: silly message
 12644 | Lair:1   | Killed a six-headed hydra
 12876 | Lair:1   | XOM: harmless Necr miscast
 13134 | Lair:2   | Noticed a black mamba
 13135 | Lair:2   | XOM: confuse monster(s)
 13142 | Lair:2   | XOM: divination: detect creatures
 13155 | Lair:1   | Killed a black mamba
 13157 | Lair:1   | XOM: chaos cloud
 13166 | Lair:1   | Reached XP level 11. HP: 35/64 MP: 7/21
 13169 | Lair:1   | Paralysed by you for 2 turns
 13352 | Lair:1   | XOM: stat loss: -1 Int (16/17)
 13365 | Lair:2   | XOM: smoke on damage
 13391 | Lair:1   | XOM: give mutations
 13391 | Lair:1   | Gained mutation: You are dopey. (Int -2) [Xom's mischief]
 13391 | Lair:1   | Gained mutation: You are clumsy. (Dex -2) [Xom's mischief]
 13577 | Lair:2   | XOM: enchant monster (bad)
 13625 | Lair:2   | XOM: 1-stop teleportation journey
 13649 | Lair:2   | XOM: confusion
 13659 | Lair:2   | XOM: summons 5 hostile demons
 13814 | Lair:3   | XOM: give mutations
 13814 | Lair:3   | Gained mutation: You are weak. (Str -2) [Xom's mischief]
 13814 | Lair:3   | Gained mutation: Your body sometimes deteriorates upon taking damage. [Xom's mischief]
 13821 | Lair:3   | Reached skill level 8 in Earth Magic
 13824 | Lair:3   | XOM: 1-stop teleportation journey
 13825 | Lair:3   | XOM: 3-stop teleportation journey
 13829 | Lair:3   | XOM: enchant monster (bad)
 13836 | Lair:3   | Slain by a spiny frog

Vault maps used:
D:1:      lemuel_arrival_lava_pool, xom_teletrap_fun
D:2:      nicolae_ru_awakened_eye
D:3:      gammafunk_temple_overflow_elements, minivault_19
D:4:      portal_sewer_entry_d, first_bread
D:5:      old_standard_altar, grunt_decor_resistance, uniq_crazy_yiuf_cottage,
          uniq_menkaure
D:6:      serial_bayou_lagoon_b
D:7:      nicolae_overflow_crystal_walls, serial_shops, nicolae_shop_trees,
          shop, shop_statue, grunt_ministairs_15, grunt_livestock
D:8:      lair_0_dummy, nicolae_tso_swordbearing_angel, uniq_erica, uniq_erolcha
D:9:      hangedman_cross_cluster
Lair:1:   grunt_megastairs_3
Lair:2:   minivault_25, uniq_gastronok
Lair:3:   basic_altar, minmay_lair_oklob_bushes

Action                   |  1- 3 |  4- 6 |  7- 9 | 10-12 || total
-------------------------+-------+-------+-------+-------++-------
Melee: Club              |    53 |    23 |       |       ||    76
       Spear             |       |   100 |   120 |       ||   220
       Quarterstaff      |       |       |   192 |   217 ||   409
       Great sword       |       |       |    25 |       ||    25
 Cast: Sandblast         |    82 |   100 |    49 |     5 ||   236
       Stone Arrow       |       |    18 |    34 |    35 ||    87
       Stoneskin         |       |       |     1 |       ||     1
  Use: Potion            |     1 |       |       |       ||     1
       Scroll            |     4 |     1 |     4 |     9 ||    18
 Stab: Sleeping          |       |     1 |     6 |       ||     7
       Confused          |       |     1 |     2 |     2 ||     5
       Paralysed         |       |       |     2 |     1 ||     3
       Petrifying        |       |       |       |     1 ||     1
       Invisible         |       |       |       |     1 ||     1
  Eat: Chunk             |     4 |    13 |    19 |     9 ||    45
       Fruit             |       |       |     1 |       ||     1
       Bread ration      |       |       |       |     1 ||     1
       Pizza             |       |       |       |     1 ||     1
